 Dungeon Crawl Stone Soup version 0.23.2-1-ga50397a (webtiles) character file.

Game seed: 6710252593790026377

0 Goblin1989 the Vexing (level 1, -1/15 HPs)
             Began as a Demonspawn Arcane Marksman on May 10, 2019.
             Slain by a hobgoblin
             ... wielding a +0 club
              (3 damage)
             ... on level 1 of the Dungeon.
             The game lasted 00:00:28 (18 turns).

Goblin1989 the Vexing (Demonspawn Arcane Marksman)    Turns: 18, Time: 00:00:28

Health: -1/15      AC:  2    Str: 10    XL:     1   Next: 0%
Magic:  2/2        EV: 12    Int: 14    God:
Gold:   0          SH:  0    Dex: 13    Spells: 1/2 levels left

rFire    . . .     SeeInvis .   (no weapon)
rCold    . . .     Gourm    .   (no shield)
rNeg     . . .     Faith    .   a - +0 robe
rPois    .         Spirit   .   (no helmet)
rElec    .         Reflect  .   (no cloak)
rCorr    .         Harm     .   (no gloves)
MR       .....                  (no boots)
Stlth    +.........             (no amulet)
HPRegen  0.05/turn              (no ring)
MPRegen  0.08/turn              (no ring)

@: no status effects
A: no striking features
a: no special abilities


You were on level 1 of the Dungeon.
You were not hungry.

You visited 1 branch of the dungeon, and saw 1 of its levels.

Inventory:

Missiles
 c - 5 javelins (quivered) {@Q2}
 Z - 2 throwing nets {!d , @Q1}
Armour
 a - a +0 robe (worn)
 Y - a +0 ring mail
Comestibles
 e - a ration


   Skills:
 + Level 1.0 Fighting
 - Level 1.7 Throwing
 - Level 1.7 Dodging
 - Level 1.0 Spellcasting
 - Level 3.0 Hexes


You had one spell level left.
You knew the following spells:

 Your Spells              Type           Power        Failure   Level  Hunger
a - Corona                Hex            #......      8%          1    ##.....

Your spell library contained the following spells:

 Spells                   Type           Power        Failure   Level  Hunger
 Slow                     Hex            #.......     12%         2    ###....
 Inner Flame              Hex/Fire       #.......     38%         3    ####...
 Portal Projectile        Hex/Tloc       #.....       38%         3    ####...
 Cause Fear               Hex            #.........   58%         4    #####..
 Leda's Liquefaction      Hex/Erth       #.........   80%         4    #####..


Dungeon Overview and Level Annotations

Branches:
Dungeon (1/15)

Altars:


Message History

The mummy hits the kraken but does no damage.
The octopode tentacle-slaps the tentacle!!
The octopode tentacle-slaps something.
A bat and a hobgoblin come into view.
The tentacle slaps the octopode!!
The tentacle slaps the octopode!
The octopode dies!
The tentacle slaps the octopode!!
The tentacle slaps the human!!
The tentacle slaps the mummy!!
The mummy is destroyed!
The tentacle slaps the octopode!!
The kraken bites the kobold!!!
The kobold dies!
The octopode tentacle-slaps the tentacle!
The tentacle slaps the elf.
The tentacle closely misses the dwarf.
The tentacle slaps the octopode!!
The octopode dies!
The human hits the tentacle.
A tentacle segment bursts forth from the water.
A tentacle rises from the water!
The tentacle slaps the human!
The tentacle slaps the elf!
The tentacle slaps the orc!!
The orc dies!
The human hits the tentacle.
The gargoyle hits the tentacle!
The tentacle slaps the gargoyle!
The tentacle slaps something!
The tentacle slaps the kobold.
The tentacle completely misses the ghoul.
The kraken bites the ghoul.
You see here a ring mail.
Unknown command.
Y - a ring mail The tentacle slaps the gargoyle! x2
The gargoyle is destroyed!
The tentacle slaps the kobold!!
The kobold dies!
The human hits the tentacle.
The tentacle closely misses the dwarf.
The tentacle barely misses the human.
The tentacle closely misses the ghoul.
Unknown command.
The tentacle closely misses the elf.
The tentacle slaps the human.
The tentacle slaps the ghoul!
The human hits the tentacle.
The tentacle slaps the human!
The human dies!
The tentacle slaps the elf.
The tentacle closely misses the ghoul.
The hobgoblin shouts!
A bat comes into view.
The kraken bites the ghoul!!!
The tentacle slaps the dwarf!
The tentacle slaps the elf!!
The elf dies!
The tentacle slaps the ghoul!!
The kraken bites the ghoul but does no damage.
The dwarf completely misses the tentacle.
The tentacle slaps the dwarf!
The tentacle slaps the dwarf!!
The dwarf dies!
The bat hits you.
The kraken bites the ghoul!!!
The tentacle barely misses the ghoul. x2
You take 1 damage, and have 14/15 hp.
Unknown command.
The bat hits you.
The tentacle barely misses the ghoul.
A bat comes into view.
The tentacle slaps the ghoul!!
The kraken bites the ghoul!!!
The ghoul is destroyed!
The bat moves out of view.
You take 1 damage, and have 13/15 hp.
Unknown command.
The bat closely misses you. The bat hits you.
You take 1 damage, and have 12/15 hp.
The bat hits you but does no damage. The bat barely misses you. x2
The hobgoblin closely misses you.
You closely miss the bat. The bat closely misses you.
The bat barely misses you. The hobgoblin hits you with a +0 club.
You completely miss the bat. The bat closely misses you.
The bat hits you but does no damage. The bat barely misses you.
The hobgoblin closely misses you.
You barely miss the bat. The bat hits you. The bat hits you but does no damage.
The bat barely misses you. The hobgoblin hits you with a +0 club.
* * * LOW HITPOINT WARNING * * *
You are too injured to fight recklessly!
You are too injured to fight recklessly!
You are too injured to fight recklessly!
You are too injured to fight recklessly!
You are too injured to fight recklessly!
You are too injured to fight recklessly!
You take 6 damage, and have 6/15 hp.
MASSIVE DAMAGE!!
You are too injured to fight recklessly!
You are too injured to fight recklessly!
You are too injured to fight recklessly!
You are too injured to fight recklessly!
You are too injured to fight recklessly!
You are too injured to fight recklessly!
You are too injured to fight recklessly!
Unknown command.
You barely miss the hobgoblin. The bat barely misses you.
The bat hits you but does no damage. The hobgoblin hits you with a +0 club.
* * * LOW HITPOINT WARNING * * *
You take 4 damage, and have 2/15 hp.
MASSIVE DAMAGE!!
You hit the hobgoblin.
The hobgoblin is heavily wounded.
The bat misses you. The bat closely misses you.
You hit the hobgoblin but do no damage.
The hobgoblin is heavily wounded.
The bat completely misses you. The bat barely misses you.
The bat misses you. x2
The hobgoblin hits you with a +0 club.
You die... ██████ b

...███ . ....█
█.█.█$█ █.█.█.█
██ █..g.█ █...
█b@.███>..█
██.b......█
██..........
█...███████.
█.█..█.w†..█.
..███.█..█wXw≈.█.
.......<.█.≈w≈.█.
......█..█.≈≈≈.█.
.!.......█.....█.


You could see a hobgoblin, 2 bats, a neutral kraken and 4 neutral tentacles.

Vanquished Creatures (others)
  A ghoul (D:1)
  2 octopodes (D:1)
  A gargoyle (D:1)
  An elf (D:1)
  A human (D:1)
  A dwarf (D:1)
  An ogre (D:1)
  A mummy (D:1)
  An orc (D:1)
  2 kobolds (D:1)
  A tentacle (D:1)
13 creatures vanquished.

Notes
Turn   | Place    | Note
-------+----------+-------------------------------------------
     0 | D:1      | Goblin1989 the Demonspawn Arcane Marksman began the quest
                  | for the Orb.
     0 | D:1      | Reached XP level 1. HP: 15/15 MP: 2/2
     0 | D:1      | Noticed a ghoul
     0 | D:1      | Noticed an ogre
     0 | D:1      | Noticed an octopode
     0 | D:1      | Noticed a human
     0 | D:1      | Noticed a kraken
     0 | D:1      | Noticed a dwarf
     0 | D:1      | Noticed a gargoyle
     0 | D:1      | Noticed an elf
     0 | D:1      | Noticed an octopode
     2 | D:1      | Killed an ogre
     3 | D:1      | Killed an octopode
     4 | D:1      | Killed an octopode
     6 | D:1      | Killed a gargoyle
     7 | D:1      | Killed a human
     8 | D:1      | Killed an elf
     9 | D:1      | Killed a dwarf
    10 | D:1      | Killed a ghoul
    18 | D:1      | Slain by a hobgoblin

Action                   || total
-------------------------++-------
Melee: Unarmed           ||     6
Armor: Robe              ||     4
Dodge: Dodged            ||    17

Levels and vault maps discovered:
D:1:      nicolae_arrival_kraken_aquarium_a, layout_loops_ring,
          minmay_misc_feat_room, minmay_crystal_water
